 Dungeon Crawl Stone Soup version 0.29-a0-474-gdfe5cd140f (webtiles) character file.

Game seed: 3934133737720230226

63 Infinimo the Cudgeller (level 3, -1/28 HPs)
             Began as a Demonspawn Gladiator on May 24, 2022.
             Killed from afar by Natasha (9 damage)
             ... with a magic dart
             ... on level 2 of the Dungeon.
             The game lasted 00:01:26 (1689 turns).

Infinimo the Cudgeller (Demonspawn Gladiator)       Turns: 1689, Time: 00:01:27

Health: -1/28      AC:  4    Str: 14    XL:     3   Next: 89%
Magic:  3/3        EV: 14    Int: 11    God:
Gold:   35         SH:  3    Dex: 14    Spells: 2/2 levels left

rFire   . . .      SeeInvis .   a - +0 flail
rCold   . . .      Faith    .   m - +0 buckler
rNeg    . . .      Spirit   .   b - +0 leather armour
rPois   .          Reflect  .   c - +0 helmet
rElec   .          Harm     .   (no cloak)
rCorr   .          Rampage  .   (no gloves)
Will    .....                   (no boots)
Stlth   +.........              (no amulet)
HPRegen 0.09/turn               (no ring)
MPRegen 0.08/turn               (no ring)

@: slowed, very slow
A: repulsion field 1, powered by death 1
a: no special abilities


You were on level 2 of the Dungeon.
You visited 1 branch of the dungeon, and saw 2 of its levels.

You collected 35 gold pieces.

Inventory:

Hand Weapons
 a - a +0 flail (weapon)
Missiles
 d - 3 throwing nets (quivered)
 e - a javelin
Armour
 b - a +0 leather armour (worn)
 c - a +0 helmet (worn)
 m - a +0 buckler (worn)
Scrolls
 f - a scroll of torment {unknown}
 h - a scroll of immolation {unknown}
 i - a scroll of summoning {unknown}
 k - a scroll of identify {unknown}
 n - a scroll of silence {unknown}
Potions
 g - 2 potions of invisibility {unknown}
 j - 2 potions of brilliance {unknown}
 l - a potion of flight {unknown}


   Skills:
 + Level 2.6 Fighting
 * Level 3.6 Maces & Flails
 - Level 1.7 Throwing
 + Level 3.1 Dodging
 + Level 0.5 Shields


You had 2 spell levels left.
You didn't know any spells.
Your spell library was empty.

Dungeon Overview and Level Annotations

Branches:
Dungeon (2/15)

Altars:
Qazlal

Annotations:
D:2 Natasha


Innate Abilities, Weirdness & Mutations

You are surrounded by a mild repulsion field. (EV +2)
You regenerate a little health from kills.


Message History

You are too injured to fight recklessly!
You are too injured to fight recklessly!
You are too injured to fight recklessly!
You are too injured to fight recklessly!
You are too injured to fight recklessly!
You are too injured to fight recklessly!
You are too injured to fight recklessly!
You are too injured to fight recklessly!
You are too injured to fight recklessly!
You sock the giant cockroach!
You kill the giant cockroach!
Natasha closely misses you.
You sock Natasha!
Natasha is almost dead.
Natasha wildly gestures.
Natasha glows brightly for a moment.
Natasha barely misses you.
You hit Natasha but do no damage.
Natasha is almost dead.
Natasha claws you.
Natasha is almost dead.
Natasha claws you.
Natasha is almost dead.
Natasha casts a spell at you.
You feel yourself slow down.
Natasha is almost dead.
Natasha barely misses you.
Natasha is almost dead.
You block Natasha's attack. Natasha barely misses you.
Natasha is almost dead.
Natasha closely misses you. Natasha misses you.
Natasha is almost dead.
Natasha barely misses you. Natasha claws you.
* * * LOW HITPOINT WARNING * * *
You hit Natasha.
Natasha is almost dead.
Natasha closely misses you. Natasha casts a spell at you.
The magic dart hits you!
You die...

..........#.####
#########.#.......#
#.......#.#.##....#
#.................####
#.......###.##........
#.......# #.##........
#.......###...........
#.................####
#....@..####.######
###.†h### #.# #.....
#.# #....... #########
##.....## #.......†
#....>.. #.#.##.##
#.##.##. #.#.##.## ..
.. .# #.#....##
#.#..#...


You could see Natasha.

Vanquished Creatures
  A gnoll (D:1)
  2 adders (D:2)
  6 ball pythons
  4 bats (D:2)
  An endoplasm (D:1)
  3 giant cockroaches
  2 goblins
  4 hobgoblins
  4 jackals
  A quokka (D:2)
  2 frilled lizards (D:1)
  A kobold (D:2)
  A rat (D:1)
32 creatures vanquished.

Notes
Turn   | Place    | Note
-------+----------+-------------------------------------------
     0 | D:1      | Infinimo the Demonspawn Gladiator began the quest for the
                  | Orb.
     0 | D:1      | Reached XP level 1. HP: 16/16 MP: 1/1
     1 | D:1      | Found a stormy altar of Qazlal.
   157 | D:1      | Gained mutation: You are surrounded by a mild repulsion
                  | field. (EV +2) [demonic ancestry]
   157 | D:1      | Reached XP level 2. HP: 22/22 MP: 2/2
   450 | D:1      | Found a faded altar of an unknown god.
   904 | D:1      | Gained mutation: You regenerate a little health from kills.
                  | [demonic ancestry]
   904 | D:1      | Reached XP level 3. HP: 28/28 MP: 3/3
  1670 | D:2      | Noticed Natasha
  1689 | D:2      | Killed from afar by Natasha

Illustrated notes

Levels and vault maps discovered:
D:1:      sevenhm_arrival_forest_fort_small_6, layout_basic,
          ebering_ecumenical_altar_sacrificial, hex_tiny, minmay_liquid_box
D:2:      minmay_alternating_diamond, layout_loops_cross, uniq_natasha

Skill      XL: |  1  2 |
---------------+-------+-----
Maces & Flails | 3 |  3.6
Dodging        | 3 |  3.1
Fighting       | |  2.6
Throwing       | |  1.7
Shields        | |  0.5

Action                   || total
-------------------------++-------
Melee: Flail             ||   124
Armor: Leather armour    ||    40
Dodge: Dodged            ||   112
Block: Buckler           ||    11

Table legend: (Time is in decaauts)
 A = Elapsed time spent in this place.
 B = Non-inter-level travel time spent in this place.
 C = Inter-level travel time spent in this place.
 D = Time resting spent in this place.
 E = Time spent auto-exploring this place.
 F = Levels seen in this place.
 G = Mean time per level.
                   A        B        C        D        E       F      G
               +--------+--------+--------+--------+--------+-----+--------+
         Total |   1723 |   1705 |     18 |      0 |   1436 |   2 |  861.5 |
       Dungeon |   1723 |   1705 |     18 |      0 |   1436 |   2 |  861.5 |
               +--------+--------+--------+--------+--------+-----+--------+

Top non-repeatable levels by time:
     D:1: 1150 daAuts
     D:2: 573 daAuts
